 Dungeon Crawl Stone Soup version 0.30.0-20-g3b4254fcbd (webtiles) character file.

Game seed: 8804004297877031919

9970 Peloso the Protected (level 11, -2/99 HPs)
             Began as a Minotaur Fighter on June 2, 2023.
             Was an Elder of Okawaru.
             Slain by a yak (9 damage)
             ... on level 10 of the Dungeon.
             The game lasted 00:17:17 (10953 turns).

Peloso the Protected (Minotaur Fighter)            Turns: 10953, Time: 00:17:17

Health: -2/99      AC: 15    Str: 20    XL:     11   Next: 30%
Magic:  0/12       EV:  7    Int: 12    God:    Okawaru [****..]
Gold:   563        SH:  5    Dex: 11    Spells: 10/10 levels left

rFire   + . .        b - +10 war axe of the Asp {flame, rC+ rN+ Str-4 Int+7 Stlth-}
rCold   + . .        c - +0 buckler
rNeg    + . .        o - +0 plate armour
rPois   .            (helmet restricted)
rElec   .            (no cloak)
rCorr   .            (no gloves)
SInv    .            (no boots)
Will    .....        l - amulet of guardian spirit Stlth
                     q - ring of protection from fire
HPRegen 0.36/turn    (no ring)
MPRegen 0.13/turn

%: guardian spirit
@: no status effects
A: horns 2, retaliatory headbutt
a: Renounce Religion, Heroism, Finesse


You were on level 10 of the Dungeon.
You worshipped Okawaru.
Okawaru was greatly pleased with you.
You visited 2 branches of the dungeon, and saw 11 of its levels.

You collected 563 gold pieces.

Inventory:

Hand Weapons
 a - a +0 long sword
 b - the +10 war axe of the Asp (weapon) {flame, rC+ rN+ Str-4 Int+7 Stlth-}
   (You found it on level 6 of the Dungeon)

   Str:       It affects your strength (-4).
   Int:       It affects your intelligence (+7).
   rC:        It protects you from cold.
   rN:        It protects you from negative energy.
   Stlth:     It makes you less stealthy.
Missiles
 g - 3 throwing nets (quivered)
Armour
 c - a +0 buckler (worn)
 o - a +0 plate armour (worn)
 B - a +0 chain mail of cold resistance
Jewellery
 l - an amulet of guardian spirit (around neck)
 q - a ring of protection from fire (left hand)
 w - a ring of positive energy
Wands
 p - a wand of flame (13)
 s - a wand of polymorph (11)
 G - a wand of roots (5)
Scrolls
 d - 3 scrolls of teleportation
 e - a scroll of poison
 i - 2 scrolls of enchant weapon
 t - a scroll of brand weapon
 v - a scroll of fog {unknown}
 x - a scroll of acquirement {unknown}
 y - 3 scrolls of immolation
 A - 4 scrolls of noise {unknown}
 C - a scroll of amnesia {unknown}
 E - a scroll of fear {unknown}
 F - 2 scrolls of vulnerability {unknown}
Potions
 f - a potion of flight
 h - a potion of mutation
 j - 2 potions of brilliance {unknown}
 k - 3 potions of lignification {unknown}
 m - 4 potions of heal wounds {unknown}
 r - a potion of ambrosia {unknown}
 u - a potion of invisibility {unknown}
 z - 2 potions of haste {unknown}
 D - a potion of might


   Skills:
 + Level 10.1 Fighting
 + Level 7.3 Long Blades
 + Level 11.3 Axes
 + Level 11.6 Armour
 + Level 2.8 Dodging
 + Level 1.3 Stealth
 + Level 7.1 Shields
 + Level 2.8 Invocations
 + Level 0.4 Evocations


You had 10 spell levels left.
You didn't know any spells.
Your spell library contained the following spells:

 Spells                   Type           Power      Damage    Failure   Level
 Apportation              Tloc           0%         N/A       99%         1
 Kiss of Death            Conj/Necr      0%         2d5       99%         1
 Necrotise                Necr           0%         1d4       99%         1
 Cigotuvi's Dreadful Rot  Necr/Pois/Air  0%         N/A       100%        2
 Scorch                   Fire           0%         2d5       100%        2
 Sublimation of Blood     Necr           0%         N/A       100%        2
 Confusing Touch          Hex            0%         N/A       100%        3
 Ignite Poison            Fire/Tmut/Pois 0%         N/A       100%        3
 Ozocubu's Armour         Ice            0%         N/A       100%        3
 Portal Projectile        Hex/Tloc       0%         N/A       100%        3
 Stone Arrow              Conj/Erth      0%         3d7       100%        3
 Dispel Undead            Necr           0%         3d6       100%        4
 Flame Wave               Conj/Fire      0%         2d4       100%        4
 Blade Hands              Tmut           0%         N/A       100%        5
 Freezing Cloud           Conj/Ice/Air   0%         6-21      100%        5
 Ozocubu's Refrigeration  Ice            0%         4d7       100%        7
 Lehudib's Crystal Spear  Conj/Erth      0%         10d2      100%        8
 Summon Small Mammal      Summ           Unusable   N/A       N/A         1
 Tukima's Dance           Hex            Unusable   N/A       N/A         3
 Animate Armour           Summ/Erth      Unusable   N/A       N/A         4
 Summon Cactus Giant      Summ           Unusable   N/A       N/A         6
 Malign Gateway           Summ/Tloc      Unusable   N/A       N/A         7
 Infestation              Necr           Unusable   N/A       N/A         8

Dungeon Overview and Level Annotations

Branches:
Dungeon (10/15)            Temple (1/1) D:4            Lair (0/5) D:10
    Orc: D:9-12

Altars:
Cheibriados
Dithmenos
Elyvilon
Fedhas
Gozag
Kikubaaqudgha
Makhleb
Nemelex Xobeh
Okawaru
Qazlal
Ru
Sif Muna
Trog
Uskayaw
Vehumet
Xom
Yredelemnul
Zin
The Shining One

Shops:
D:8 (

Annotations:
D:3 1 runed translucent door, Crazy Yiuf
D:6 2 runed translucent doors, engelados's ghost, novice BaIE
D:9 1 runed translucent door
D:10 Peon's ghost, journeyman DgCj


Innate Abilities, Weirdness & Mutations

You have a pair of horns on your head.
You reflexively headbutt those who attack you in melee.


Message History

You kill the yak!
Okawaru accepts your kill.
You closely miss the yak. The yak gores you.
* * * LOW HITPOINT WARNING * * *
You slash the yak! You burn the yak. You headbutt the yak, but do no damage.
The yak is moderately wounded.
The yak barely misses you.
You barely miss the yak.
The yak is moderately wounded.
The yak barely misses you.
Unknown command.
You gain the combat prowess of a mighty hero.
The yak gores you!
* * * LOW HITPOINT WARNING * * *
You feel better. You block the yak's attack.
You feel better. The yak gores you!
* * * LOW HITPOINT WARNING * * *
Unknown command.
You slice the yak!! You burn the yak.
You kill the yak!
Okawaru accepts your kill.
Unknown command.
You barely miss the yak. The yak gores you.
* * * LOW HITPOINT WARNING * * *
Unknown command.
Okay, then.
Okay, then.
The yak attacks as you move away! The yak barely misses you.
You furiously retaliate!
You headbutt the yak! The yak attacks as you move away! The yak gores you.
* * * LOW HITPOINT WARNING * * *
The yak attacks as you move away! The yak gores you but does no damage.
The yak gores you.
* * * LOW HITPOINT WARNING * * *
The yak attacks as you move away! You block the yak's attack.
The yak attacks as you move away! The yak barely misses you.
You furiously retaliate!
You headbutt the yak.
You feel like a meek peon again. The yak attacks as you move away!
The yak gores you!
You die...

.....## #.....#
###### #####.# #
#.# #.# # #####.#
##### #.....#
....# #.....#
....# ####..#
##..# #.@# #..#
####.Y# #..#
#.....# #..#
#..Y..#
##..########...Y.#
.#....#.##.....Y.#
.#....#.##.......#
.######.......##.#
. ######......#


You could see 4 yaks.

Vanquished Creatures
  3 two-headed ogres
  3 death yaks (D:10)
  Maggie (D:7)
  An unseen horror (D:10)
  A kobold demonologist (D:10)
  Prince Ribbit (D:7)
  A hornet (D:10)
  10 yaks
  6 wraiths
  Edmund (D:6)
  A water moccasin (D:7)
  Duvessa (D:5)
  An ice beast (D:7)
  3 orc warriors
  An ogre (D:6)
  3 centaurs
  2 kobold brigands (D:10)
  A gnoll sergeant (D:8)
  2 scorpions (D:6)
  8 wights (D:6)
  Dowan (D:5)
  4 killer bees (D:6)
  A vampire bat (D:7)
  5 howler monkeys
  2 hounds
  6 orc priests
  3 sleepcaps
  An iguana (D:7)
  Ijyb (D:3)
  7 orc wizards
  6 adders
  5 gnolls (D:8)
  3 white imps
  An ufetubus (D:6)
  2 dart slugs
  28 orcs
  7 endoplasms
  3 giant cockroaches
  12 goblins
  6 hobgoblins
  4 jackals (D:4)
  A quokka (D:1)
  3 training dummies (D:8)
  6 ball pythons
  18 bats
  2 frilled lizards
  11 kobolds
  5 rats
205 creatures vanquished.

Notes
Turn   | Place    | Note
-------+----------+-------------------------------------------
     0 | D:1      | Peloso the Minotaur Fighter began the quest for the Orb.
     0 | D:1      | Reached XP level 1. HP: 19/19 MP: 0/0
   155 | D:1      | Reached XP level 2. HP: 13/27 MP: 1/1
   842 | D:2      | Reached XP level 3. HP: 29/33 MP: 2/2
  1136 | D:2      | Noticed a black bear
  1673 | D:3      | Noticed Ijyb
  1685 | D:3      | Killed Ijyb
  1686 | D:3      | Reached XP level 4. HP: 28/40 MP: 3/3
  1885 | D:3      | Found a stormy altar of Qazlal.
  2192 | D:3      | Found a runed translucent door.
  2193 | D:3      | Noticed Crazy Yiuf
  2533 | D:4      | Reached skill level 5 in Armour
  2536 | D:4      | Reached XP level 5. HP: 23/47 MP: 4/4
  2842 | D:4      | Found a staircase to the Ecumenical Temple.
  2863 | Temple   | Entered the Ecumenical Temple
  2893 | Temple   | Became a worshipper of Warmaster Okawaru
  2945 | D:4      | Found a snail-covered altar of Cheibriados.
  3175 | D:4      | Found a white marble altar of Elyvilon.
  3199 | D:4      | Found a glowing silver altar of Zin.
  3221 | D:4      | Noticed a +0 hand axe
  3277 | D:4      | Noticed an ogre
  3363 | D:5      | Entered Level 5 of the Dungeon
  3983 | D:5      | Reached XP level 6. HP: 52/53 MP: 3/5
  4047 | D:5      | Noticed Dowan
  4049 | D:5      | Noticed Duvessa
  4083 | D:5      | Killed Duvessa
  4084 | D:5      | Reached skill level 1 in Dodging
  4330 | D:5      | Killed Dowan
  4331 | D:5      | Reached skill level 5 in Long Blades
  4837 | D:6      | Reached XP level 7. HP: 40/60 MP: 3/6
  4921 | D:6      | Found a runed translucent door.
  4923 | D:6      | Noticed engelados's ghost (novice BaIE)
  4985 | D:6      | Reached * piety under Okawaru
  4986 | D:6      | Reached skill level 5 in Fighting
  5353 | D:6      | Noticed Edmund
  5376 | D:6      | Killed Edmund
  5377 | D:6      | Reached XP level 8. HP: 24/69 MP: 0/7
  5620 | D:6      | Reached skill level 5 in Shields
  6074 | D:6      | Identified the +10 war axe of the Asp {flame, rC+ rN+ Str-4
                  | Int+7 Stlth-}
  6078 | D:6      | Found a burning altar of Makhleb.
  6117 | D:6      | Reached skill level 1 in Invocations
  6245 | D:6      | Found a runed translucent door.
  6505 | D:7      | Found a bloodstained altar of Trog.
  6516 | D:7      | Found a shimmering altar of Xom.
  6542 | D:7      | Reached skill level 1 in Axes
  6597 | D:7      | Noticed Prince Ribbit
  6605 | D:7      | Killed Prince Ribbit
  6697 | D:7      | Reached XP level 9. HP: 76/78 MP: 9/9
  6837 | D:7      | Noticed Maggie
  6845 | D:7      | Killed Maggie
  7439 | D:8      | Reached ** piety under Okawaru
  7440 | D:8      | Reached skill level 5 in Axes
  7440 | D:8      | Reached skill level 10 in Armour
  7856 | D:8      | Found Nonus's Firing Range.
  8796 | D:4      | Found a hide-covered altar of Uskayaw.
  8797 | D:4      | Noticed a +3 dagger
  8834 | D:4      | Found an opulent altar of Gozag.
  9413 | D:9      | Found a runed translucent door.
  9425 | D:9      | Reached skill level 1 in Stealth
  9457 | D:9      | Noticed a flayed ghost
  9460 | D:9      | Found a shimmering blue altar of Sif Muna.
  9488 | D:9      | Found a sacrificial altar of Ru.
  9497 | D:9      | Found a sparkling altar of Nemelex Xobeh.
  9516 | D:9      | Reached XP level 10. HP: 89/89 MP: 10/10
  9582 | D:9      | Found a sparkling altar of Nemelex Xobeh.
  9593 | D:9      | Found an iron altar of Okawaru.
  9630 | D:9      | Found a hide-covered altar of Uskayaw.
  9766 | D:9      | Reached *** piety under Okawaru
  9942 | D:9      | Noticed a two-headed ogre
  9952 | D:9      | Killed a two-headed ogre
 10260 | D:9      | Noticed a two-headed ogre
 10267 | D:9      | Killed a two-headed ogre
 10288 | D:10     | Entered Level 10 of the Dungeon
 10425 | D:10     | Noticed Peon's ghost (journeyman DgCj)
 10590 | D:10     | Got the Volume of Massed Sinister Ceremonies
 10604 | D:10     | Noticed a two-headed ogre
 10610 | D:10     | Killed a two-headed ogre
 10611 | D:10     | Reached skill level 10 in Axes
 10703 | D:10     | Reached **** piety under Okawaru
 10704 | D:10     | Reached XP level 11. HP: 89/99 MP: 8/11
 10892 | D:10     | Noticed a death yak
 10892 | D:10     | Noticed a death yak
 10892 | D:10     | Noticed a death yak
 10893 | D:10     | Found a staircase to the Lair.
 10901 | D:10     | Killed a death yak
 10902 | D:10     | Reached skill level 10 in Fighting
 10912 | D:10     | Killed a death yak
 10918 | D:10     | Killed a death yak
 10925 | D:10     | HP: 1/99 [yak (13)]
 10937 | D:10     | HP: 3/99 [yak (4)]
 10953 | D:10     | Slain by a yak

Illustrated notes

Levels and vault maps discovered:
D:1:      mrwooster_arrival_statue_2, layout_loops_cross, nicolae_titane
D:2:      layout_rooms, serial_aquarium, aquarium_bridge_square
          [aquarium_subvault_window, aquarium_subvault_balcony,
          aquarium_subvault_wall, aquarium_subvault_bridge],
          aquarium_bridge_straight [aquarium_subvault_bridge,
          aquarium_subvault_window, aquarium_subvault_bridge,
          aquarium_subvault_wall], aquarium_window_fake,
          aquarium_window_corridor_2, aquarium_window_corner,
          aquarium_window_fake, aquarium_view_2d, aquarium_view_2a,
          grunt_decor_arrowhead, lightli_corner_chamber
D:3:      layout_basic, mainiacjoe_overflow_24_doors, uniq_ijyb,
          uniq_crazy_yiuf_cottage
D:4:      layout_loops_corners, cheibriados_altar_1, elyvilon_altar_3,
          amcnicky_altar_gilded, kennysheep_mini_moat, dancing_weapons_uskayaw,
          minmay_temple_entry_gardened_gates
D:5:      layout_gridville, kennysheep_generic_room_8, uniq_duvessa
D:6:      layout_basic, old_standard_altar, ebering_ghost_sewer_f,
          kennysheep_generic_room_13, uniq_edmund
D:7:      layout_layer_cave, amethyst_overflow_temple_binary, roderic_batcave,
          mrwooster_statue_mirror, uniq_maggie, uniq_prince_ribbit1
D:8:      layout_basic, nicolae_shop_firing_range
D:9:      due_megacathedral, layout_basic
D:10:     layout_stronghold, nicolae_hepliaklqana_hazy_memory,
          dpeg_lair_monsters, minmay_orc_entry_guard_dogs, gammafunk_ghost_icy,
          nicolae_sextant, uniq_lodul
Temple:   nicolae_temple_godzebo

Skill      XL: |  1  2  3  4  5  6  7  8  9 10 11 |
---------------+----------------------------------+-----
Shields        | 4 5 6 7 |  7.1
Armour         | 4 5 6 8 9 10 11 | 11.6
Fighting       | 4 5 6 8 9 10 | 10.1
Long Blades    | 3 4 5 6 7 |  7.3
Dodging        | 1 2 |  2.8
Invocations    | 1 2 |  2.8
Axes           | 2 6 10 11 | 11.3
Stealth        | 1 |  1.3
Evocations     | |  0.4

Action                     |  1- 3 |  4- 6 |  7- 9 | 10-12 || total
---------------------------+-------+-------+-------+-------++-------
  Melee: Long sword        |    91 |   134 |   115 |       ||   340
         Headbutt          |    15 |    24 |    40 |    15 ||    94
         War axe           |       |       |   128 |   117 ||   245
 Invoke: Heroism           |       |       |    10 |     7 ||    17
  Evoke: Wand              |       |     2 |       |       ||     2
    Use: Scroll            |     2 |       |     6 |       ||     8
         Potion            |     1 |     1 |     2 |     3 ||     7
 Armour: Scale mail        |    32 |       |       |       ||    32
         Plate armour      |    17 |    66 |   164 |    48 ||   295
         Skin              |       |    25 |       |       ||    25
  Dodge: Dodged            |    22 |    35 |    92 |    30 ||   179
  Block: Buckler           |    16 |    35 |    83 |    24 ||   158
